 Dungeon Crawl Stone Soup version 0.31-a0-187-gba352fbbf7 (webtiles) character file.

Game seed: 6789962984358701248

56 qw the Shooter (level 3, -1/20 HPs)
             Began as a Deep Elf Hunter on June 22, 2023.
             Slain by Terence
             ... wielding a +1 trident of freezing
              (2 damage)
             ... on level 2 of the Dungeon.
             The game lasted 00:00:23 (1404 turns).

qw the Shooter (Deep Elf Hunter)                    Turns: 1404, Time: 00:00:23

Health: -1/20      AC:  6    Str: 10    XL:     3   Next: 69%
Magic:  5/5        EV:  9    Int: 13    God:
Gold:   49         SH:  0    Dex: 18    Spells: 2/2 levels left

rFire   . . .        Y - +0 shortbow
rCold   . . .        (shield currently unavailable)
rNeg    . . .        g - +0 scale mail
rPois   .            (no helmet)
rElec   .            (no cloak)
rCorr   .            (no gloves)
SInv    .            (no boots)
Will    .....        (no amulet)
Stlth   +            (no ring)
HPRegen 0.23/turn    (no ring)
MPRegen 0.09/turn

%: no passive effects
@: no status effects
A: no striking features
a: no special abilities


You were on level 2 of the Dungeon.
You visited 1 branch of the dungeon, and saw 2 of its levels.

You collected 49 gold pieces.


   Skills:
 - Level 1.5 Fighting
 + Level 7.2 Ranged Weapons
 - Level 2.4 Dodging
 - Level 1.2 Stealth


You had 2 spell levels left.
You didn't know any spells.
Your spell library was empty.

Inventory:

Hand Weapons
 Y - a +0 shortbow (weapon)
Armour
 a - a +0 ring mail
 g - a +0 scale mail (worn)
Scrolls
 b - a scroll of identify {unknown}
 c - a scroll of noise {unknown}
Potions
 h - a potion of magic {unknown}

Dungeon Overview and Level Annotations

Branches:
Dungeon (2/15)

Altars:

Annotations:
D:2 Terence


Message History

The goblin hits you but does no damage.
You shoot an arrow. The arrow closely misses the goblin.
The goblin hits you but does no damage.
You shoot an arrow. The arrow hits the goblin!
You kill the goblin!
There is an open door here.
There is a stone staircase leading down here.
You open the door.
There is an open door here.
As you open the door, it creaks loudly!
A worm comes into view.
You hear a shout! x2
Enter note: You shoot an arrow.
The arrow hits the worm.
The worm is moderately wounded.
Terence the Incautious comes into view.
He is wielding a +1 trident of freezing.
The worm closely misses you.
You shoot an arrow. The arrow barely misses the worm.
Terence shouts!
A goblin comes into view. It is wielding a +0 dagger.
The worm bites you but does no damage.
You shoot an arrow. The arrow hits the worm.
The worm is moderately wounded.
You shoot an arrow. The arrow hits the worm.
The worm is moderately wounded.
The worm bites you but does no damage.
You shoot an arrow. The arrow hits the worm.
The worm is heavily wounded.
Terence hits you from afar with a +1 trident of freezing!
Terence freezes you. The worm bites you.
You shoot an arrow. The arrow hits the worm.
The worm is heavily wounded.
Terence asks, "Do you want it fast or slow?"
Terence hits you but does no damage. The worm bites you but does no damage.
You shoot an arrow. The arrow hits the worm.
The worm is severely wounded.
Terence hits you from afar with a +1 trident of freezing.
Terence freezes you.
Terence hits you from afar with a +1 trident of freezing.
You die...

. .. ... ######## ....
#......# ..... #......#
######
.....g####......###.....
.....@w@..........'.....
......####......###.....
..... #......# #.....
#### #......# #.....
#......# #..... ########
#..... #..... #.....
######


You could see Terence, a worm and a goblin.

Vanquished Creatures
  Jessica (D:2)
  3 ball pythons (D:1)
  2 endoplasms (D:1)
  2 goblins
  8 jackals (D:1)
  2 quokkas (D:1)
  A bat (D:2)
  A frilled lizard (D:1)
  4 kobolds
  4 rats
28 creatures vanquished.

Notes
Turn   | Place    | Note
-------+----------+-------------------------------------------
     0 | D:1      | qw the Deep Elf Hunter began the quest for the Orb.
     0 | D:1      | Reached XP level 1. HP: 12/12 MP: 3/3
     0 | D:1      | 0 ||| qw: Version: 0.3-a-9-g12657ce
     0 | D:1      | 0 ||| qw: Game counter: 2651
     0 | D:1      | 0 ||| qw: Always use a shield: true
     0 | D:1      | 0 ||| qw: God list: Okawaru
     0 | D:1      | 0 ||| qw: Allow faded altars: false
     0 | D:1      | 0 ||| qw: Do Orc after D:15 true
     0 | D:1      | 0 ||| qw: Do second Lair branch before Depths: true
     0 | D:1      | 0 ||| qw: Lair rune preference: random
     0 | D:1      | 0 ||| qw: Plans: Normal
     0 | D:1      | 0 ||| PLANNING D:1-11
   360 | D:1      | Reached XP level 2. HP: 16/16 MP: 4/4
   362 | D:1      | Reached skill level 6 in Ranged Weapons
   990 | D:1      | 990 ||| UPGRADING to +0 scale mail.
  1000 | D:1      | 1000 ||| DROPPING +0 leather armour.
  1001 | D:1      | 1001 ||| READING scroll labelled XUOHAZX RIXZE.
  1006 | D:1      | 1006 ||| READING scroll labelled TAWNI SENEME.
  1107 | D:1      | 1107 ||| READING 2 scrolls labelled DIGGIU CAONA.
  1108 | D:1      | 1108 ||| READING scroll labelled MOATOH QYEDA.
  1109 | D:1      | 1109 ||| DROPPING scroll of butterflies.
  1110 | D:1      | 1110 ||| DROPPING scroll of revelation.
  1205 | D:2      | Noticed Jessica
  1222 | D:2      | Killed Jessica
  1223 | D:2      | Reached skill level 7 in Ranged Weapons
  1223 | D:2      | Reached XP level 3. HP: 10/20 MP: 5/5
  1398 | D:2      | Noticed Terence
  1402 | D:2      | HP: 4/20 [worm (5)]
  1404 | D:2      | HP: 1/20 [Terence/+1 trident of freezing (1)]
  1404 | D:2      | Slain by Terence

Levels and vault maps discovered:
D:1:      onia_arrival_pyramid, layout_basic
D:2:      layout_basic, uniq_terence, uniq_jessica

Skill      XL: |  1  2 |
---------------+-------+-----
Ranged Weapons | 7 |  7.2
Fighting       | |  1.5
Dodging        | |  2.4
Stealth        | |  1.2

Action                     || total
---------------------------++-------
   Fire: Shortbow          ||    85
    Use: Scroll            ||     4
 Armour: Leather armour    ||     8
         Scale mail        ||    10
  Dodge: Dodged            ||    16

Table legend:
 A = Non-vault XP
 B = Vault XP
 C = Vault XP percentage of total XP
 D = Non-vault monster count
 E = Vault monster count
 F = Vault count percentage of total count
                 A         B        C        D         E       F
            +---------+---------+-------+---------+---------+-------
      Total |      43 |      37 |  46.2 |      27 |       1 |   3.6
            +---------+---------+-------+---------+---------+-------
        D:1 |      35 |       0 |   0.0 |      21 |       0 |   0.0
        D:2 |       8 |      37 |  82.2 |       6 |       1 |  14.3
            +---------+---------+-------+---------+---------+-------
